 Dungeon Crawl Stone Soup version 0.23-a0-373-g305c090 (webtiles) character file.

112 Ijustatesigmund the Conjurer (level 4, -2/27 HPs)
             Began as an Octopode Conjurer on Oct 25, 2018.
             Slain by Sigmund
             ... wielding a +0 scythe
              (6 damage)
             ... on level 2 of the Dungeon.
             The game lasted 00:07:58 (2962 turns).

Ijustatesigmund the Conjurer (Octopode Conjurer)    Turns: 2962, Time: 00:07:59

Health: -2/27      AC:  3    Str:  4 (7)  XL:     4   Next: 95%
Magic:  4/7        EV: 19    Int: 17 (18) God:
Gold:   13         SH:  0    Dex: 16 (17) Spells: 1/7 levels left

rFire    + . .     SeeInvis .   g - +1 short sword
rCold    + . .     Gourm    .   (no shield)
rNeg     . . .     Faith    .   (helmet restricted)
rPois    +         Spirit   .   (no amulet)
rElec    +         Reflect  .   (no ring)
rCorr    +         Harm     .   (no ring)
MR       .....                  (no ring)
Stlth    ++++......             (no ring)
HPRegen  0.09/turn              (no ring)
MPRegen  0.10/turn              (no ring)
                                (no ring)
                                (no ring)

@: agile, resistant, hasted, very quick
A: almost no armour, stealthy swim, amphibious, 8 rings, constrict 8, yellow
scales 1, camouflage 1, gelatinous body 1, subdued magic 1
a: no special abilities


You were on level 2 of the Dungeon.
You were not hungry.

You visited 1 branch of the dungeon, and saw 3 of its levels.

You collected 13 gold pieces.

Inventory:

Hand Weapons
 g - a +1 short sword (weapon)
Armour
 a - a +0 shield
Potions
 c - a potion of flight
Comestibles
 b - 2 rations


   Skills:
 - Level 2.0 Dodging
 + Level 3.2 Stealth
 + Level 0.9 Shields
 - Level 2.0 Spellcasting
 - Level 5.0 Conjurations
 + Level 2.6 Hexes


You had one spell level left.
You knew the following spells:

 Your Spells              Type           Power        Failure   Level  Hunger
a - Magic Dart            Conj           ##..         1%          1    #......
b - Searing Ray           Conj           ##....       2%          2    ###....
c - Dazzling Spray        Conj/Hex       ##....       10%         3    ###....

Your spell library contained the following spells:

 Spells                   Type           Power        Failure   Level  Hunger
 Iskenderun's Mystic Bla  Conj           ##......     21%         4    #####..
 Fulminant Prism          Conj/Hex       ##........   34%         4    #####..
 Force Lance              Conj/Tloc      #.......     52%         4    #####..


Dungeon Overview and Level Annotations

Branches:
Dungeon (3/15)

Altars:

Annotations:
D:2 Sigmund


Innate Abilities, Weirdness & Mutations

You cannot wear most types of armour.
You are very stealthy in the water. (Stealth+)
You are amphibious.
You can wear up to eight rings at the same time.
You can use your tentacles to constrict eight enemies at once.
Your skin changes colour to match your surroundings (Stealth+).
Your rubbery body absorbs attacks. (AC +1, EV +1)
You are partially covered in yellow scales. (AC +2)
Your spells are a little easier to cast, but a little less powerful.


Message History

You bump into the rock wall.
You hear some strange, mumbled words.
A magic dart appears from out of thin air!
The magic dart hits you!
You bump into the rock wall.
You hear some strange, mumbled words.
A magic dart appears from out of thin air!
The magic dart hits you!
* * * LOW HITPOINT WARNING * * *
You barely miss something.
Okay, then.
You're too confused!
You're too confused to move!
Something barely misses you.
You're too confused to move!
You hit something. Something barely misses you.
You bump into the rock wall.
You bump into the rock wall.
You feel less confused. Something hits you.
You die...

###### ...... ###
#. ###.## .. .†.
#. .#. #.# ##
.##.##.#### ...
#.# ##.
....@.?)..# #.#
#.# #.#
.......##{# #.#
#.# #.# ...####
#@# #.# #.######.#
. #†# #.#
#...)>....
#.###.###.########
#.........#
#####.#####
#..)....#
#########


There were no monsters in sight!

Vanquished Creatures
  Jessica (D:2)
  Robin (D:3)
  An adder (D:2)
  3 dart slugs
  2 leopard geckos (D:1)
  A ball python (D:1)
  2 giant cockroaches
  13 goblins
  8 hobgoblins
  4 jackals (D:1)
  3 kobolds
  A quokka (D:3)
  3 bats
  5 frilled lizards
  8 rats
56 creatures vanquished.

Notes
Turn   | Place    | Note
-------+----------+-------------------------------------------
     0 | D:1      | Ijustatesigmund the Octopode Conjurer began the quest for
                  | the Orb.
     0 | D:1      | Reached XP level 1. HP: 11/11 MP: 3/3
   204 | D:1      | Reached XP level 2. HP: 17/17 MP: 3/5
   209 | D:1      | Learned a level 2 spell: Searing Ray
   778 | D:1      | Reached XP level 3. HP: 21/21 MP: 1/6
   783 | D:1      | Learned a level 3 spell: Dazzling Spray
  1170 | D:1      | Reached skill level 5 in Conjurations
  1891 | D:2      | Reached skill level 1 in Hexes
  2099 | D:2      | Noticed Robin
  2298 | D:3      | Killed Robin
  2329 | D:2      | Reached XP level 4. HP: 27/27 MP: 7/7
  2671 | D:2      | Noticed Jessica
  2677 | D:2      | Killed Jessica
  2923 | D:2      | Noticed Sigmund
  2935 | D:2      | Gained mutation: Your spells are a little easier to cast,
                  | but a little less powerful. [potion of mutation]
  2935 | D:2      | Gained mutation: You are partially covered in yellow
                  | scales. (AC +2) [potion of mutation]
  2962 | D:2      | Slain by Sigmund

Vault maps used:
D:1:      dpeg_arrival_erosion, grunt_decor_arrowhead
D:2:      trog_hazing_becter, uniq_sigmund, uniq_jessica, uniq_robin
D:3:      grunt_temple_overflow_open, first_ration

Skill      XL: |  1  2  3  4 |
---------------+-------------+-----
Conjurations   | 5 |  5.0
Hexes          | 1 2 |  2.6
Stealth        | 3 |  3.2
Dodging        | |  2.0
Shields        | |  0.9
Spellcasting   | |  2.0

Action                   |  1- 3 |  4- 6 || total
-------------------------+-------+-------++-------
Melee: Unarmed           |    23 |       ||    23
       Constrict         |    15 |     7 ||    22
       Tentacles         |     6 |     6 ||    12
       Short sword       |    20 |    41 ||    61
 Cast: Magic Dart        |    57 |    12 ||    69
       Dazzling Spray    |     1 |     2 ||     3
       Searing Ray       |       |     2 ||     2
  Use: Potion            |       |     7 ||     7
       Scroll            |       |     3 ||     3
 Stab: Invisible         |     1 |     1 ||     2
       Sleeping          |     1 |       ||     1
  Eat: Chunk             |     5 |     3 ||     8
Armor: Skin              |     3 |     6 ||     9
Dodge: Dodged            |    31 |    40 ||    71

Table legend:
 A = Non-vault XP
 B = Vault XP
 C = Vault XP percentage of total XP
 D = Non-vault monster count
 E = Vault monster count
 F = Vault count percentage of total count
                 A         B        C        D         E       F
            +---------+---------+-------+---------+---------+-------
      Total |      91 |      70 |  43.5 |      44 |      12 |  21.4
            +---------+---------+-------+---------+---------+-------
        D:1 |      55 |       0 |   0.0 |      29 |       0 |   0.0
        D:2 |      30 |      53 |  63.9 |      13 |      10 |  43.5
        D:3 |       6 |      17 |  73.9 |       2 |       2 |  50.0
            +---------+---------+-------+---------+---------+-------
